 Dungeon Crawl Stone Soup version 0.18-a0-1211-g828307d (webtiles) character file.

88 namelastname112 the Insei (level 4, 0/28 HPs)
             Began as a Tengu Monk on Feb 2, 2016.
             Was a Believer of Ashenzari.
             Slain by a giant cockroach (2 damage)
             ... on level 4 of the Dungeon.
             The game lasted 00:03:32 (1733 turns).

namelastname112 the Insei (Tengu Monk)              Turns: 1733, Time: 00:03:33

Health: 0/28       AC:  4    Str: 12    XL:     4   Next: 53%
Magic:  5/5        EV: 13    Int: 11    God:    Ashenzari [**....]
Gold:   57         SH:  0    Dex: 16    Spells: 0 memorised, 3 levels left

rFire  . . .     SeeInvis .       - Unarmed
rCold  . . .     Gourm    .     a - +0 robe
rNeg   . . .     Faith    .     (no shield)
rPois  .         Spirit   .     (helmet restricted)
rElec  .         Dismiss  .     (no cloak)
rCorr  .         Reflect  .     (no gloves)
SustAt .         Harm     .     (boots unavailable)
MR     .....                    (no amulet)
Stlth  ++........               (no ring)
                                (no ring)

@: not resistant to hostile enchantments, unstealthy
A: beak, talons 3, thin metallic scales 1
a: Scrying, Renounce Religion


You were on level 4 of the Dungeon.
You worshipped Ashenzari.
Ashenzari was pleased with you.
You were hungry.

You visited 1 branch of the dungeon, and saw 4 of its levels.

You collected 57 gold pieces.

Inventory:

Armour
 a - a +0 robe (worn)
Scrolls
 e - 2 scrolls of remove curse
 g - 2 scrolls of recharging {unknown}
 i - 2 scrolls of random uselessness {unknown}
 l - a scroll of fog {unknown}
Potions
 c - a potion of magic
Comestibles
 b - a bread ration
 d - a meat ration
 f - a beef jerky


   Skills:
 + Level 3.0 Fighting
 + Level 0.0 Armour
 + Level 3.2 Dodging
 - Level 2.0 Stealth
 * Level 6.3 Unarmed Combat


You had 3 spell levels left.
You didn't know any spells.

Dungeon Overview and Level Annotations

Branches:
Dungeon (4/15)
 Temple: D:4-7

Altars:
Ashenzari
Nemelex Xobeh


Innate Abilities, Weirdness & Mutations

You have a beak for a mouth.
You have claws for feet.
You are partially covered in thin metallic scales (AC +2).


Message History

Something barely misses you. The giant cockroach closely misses you.
Something hits you but does no damage.
You closely miss something. Something hits you but does no damage.
The giant cockroach bites you but does no damage.
You punch something! You claw something. Something hits you.
* * * LOW HITPOINT WARNING * * *
The giant cockroach barely misses you.
Drink which item? (? for menu, Esc to quit)
You feel better. Something hits you but does no damage.
The giant cockroach bites you.
* * * LOW HITPOINT WARNING * * *
Something hits you.
* * * LOW HITPOINT WARNING * * *
Unknown command.
You barely miss something. Your kick misses something.
The giant cockroach closely misses you. Something hits you but does no damage.
You completely miss something. Your kick misses something. Something hits you.
* * * LOW HITPOINT WARNING * * *
The giant cockroach bites you.
You die...

, , * * ,
**###. .#* * *
, * ,... .. ,,
* ,# ,...
.######* * #.
.. .......
,#..##.#.......
, .............
* , #...{..# *
, * , ,
#..@.#*,, , ,,
,#..#s...... ,,
,
**,#..,....#.#
, , #.#*##### *
, * .. ,,, , ,
, , *##. , * ,
. , , * * # , ,
*, * * , , , *


You could see a giant cockroach.

Vanquished Creatures
  Jessica (D:2)
  An adder (D:2)
  A worm (D:3)
  A giant gecko (D:2)
  An orc (D:3)
  3 giant cockroaches (D:2)
  9 goblins
  6 hobgoblins
  2 jackals (D:3)
  7 kobolds
  A ball python (D:1)
  4 bats
  3 giant newts (D:1)
  5 rats
45 creatures vanquished.

Vanquished Creatures (others)
  2 ghouls (D:1)
  5 draconians (D:1)
  An octopode (D:1)
  2 vine stalkers (D:1)
  2 elves (D:1)
  A human (D:1)
  A vampire (D:1)
  A dwarf (D:1)
  5 tentacles (D:1)
  128 tentacle segments (D:1)
148 creatures vanquished.

Grand Total: 193 creatures vanquished

Notes
Turn   | Place    | Note
--------------------------------------------------------------
     0 | D:1      | namelastname112 the Tengu Monk began the quest for the Orb.
     0 | D:1      | Reached XP level 1. HP: 14/14 MP: 2/2
     2 | D:1      | Noticed a draconian
     2 | D:1      | Noticed a ghoul
     2 | D:1      | Noticed an elf
     2 | D:1      | Noticed a draconian
     2 | D:1      | Noticed a vine stalker
     2 | D:1      | Noticed a human
     2 | D:1      | Noticed a draconian
     2 | D:1      | Noticed a ghoul
     2 | D:1      | Noticed a dwarf
     2 | D:1      | Noticed a kraken
     2 | D:1      | Noticed a draconian
     2 | D:1      | Noticed an octopode
     2 | D:1      | Noticed a draconian
     2 | D:1      | Noticed a vampire
     2 | D:1      | Noticed an elf
     2 | D:1      | Noticed a vine stalker
     5 | D:1      | Killed a draconian
     6 | D:1      | Killed an elf
     6 | D:1      | Killed a draconian
     7 | D:1      | Killed an elf
     8 | D:1      | Killed a dwarf
     9 | D:1      | Killed a draconian
    11 | D:1      | Killed a human
    11 | D:1      | Killed a vampire
    11 | D:1      | Killed a draconian
    13 | D:1      | Killed a vine stalker
    16 | D:1      | Killed a vine stalker
    16 | D:1      | Killed a ghoul
    18 | D:1      | Killed an octopode
    19 | D:1      | Killed a ghoul
    20 | D:1      | Killed a draconian
   332 | D:1      | Reached XP level 2. HP: 19/19 MP: 3/3
   357 | D:1      | Reached skill level 5 in Unarmed Combat
   679 | D:1      | Reached XP level 3. HP: 21/23 MP: 4/4
   919 | D:2      | Found a faded altar to an unknown god.
   928 | D:2      | Became a worshipper of Ashenzari the Shackled
   928 | D:2      | Reached * piety under Ashenzari
   928 | D:2      | Reached ** piety under Ashenzari
   931 | D:2      | Noticed Jessica
   935 | D:2      | Killed Jessica
   935 | D:2      | Reached skill level 6 in Unarmed Combat
   935 | D:2      | Reached XP level 4. HP: 25/28 MP: 5/5
  1357 | D:2      | Found a sparkling altar of Nemelex Xobeh.
  1723 | D:4      | Gained mutation: You are weak. (Str -2) [potion of mutation]
  1723 | D:4      | Gained mutation: You are partially covered in thin metallic scales (AC +2). [potion of mutation]
  1724 | D:4      | Lost mutation: You are weak. (Str -2) [potion of cure mutation]
  1733 | D:4      | Slain by a giant cockroach

Vault maps used:
D:1:      nicolae_arrival_kraken_aquarium_b, minmay_misc_feat_more_columns,
          minmay_misc_feat_pillars
D:2:      nicolae_overflow_hidden_temple, ecumenical_altar_1, uniq_jessica
D:3:      amethyst_overflow_temple_binary, vehumet_altar_wand_db, hex_large
D:4:      minmay_temple_entry_trees, minmay_misc_feat_columns, uniq_sigmund

Action                   |  1- 3 |  4- 6 || total
-------------------------+-------+-------++-------
Melee: Unarmed           |    64 |    36 ||   100
  Use: Potion            |       |     5 ||     5
 Stab: Sleeping          |     5 |     6 ||    11
       Distracted        |     1 |       ||     1
  Eat: Chunk             |       |     2 ||     2
